Map: Whirlwind LE (Void)

Players

Nerchio

  • Race: Zerg Zerg
  • Spawn Location: 11:00

Neeb - Winner!

  • Race: Protoss Protoss
  • Spawn Location: 5:00

Event: WESG 2016 Finals

VOD

Have the link to the VOD?

Description

Time

  • Played on: Jan. 14, 2017, 12:47 a.m.
  • Length: 11:12

All games in this series

Show
View Real Time Build Order
Export as new Build Order

Nerchio Zerg 

Build Orders: Hatch First 

Get SALT Encoding   

  12  0:00  Drone  
  13  0:12  Overlord  
  13  0:17  Drone  
  14  0:30  Drone x2  
  14  0:34  Drone  
  17  0:52  Hatchery  
  17  0:55  Drone  
  17  0:59  Drone  
  18  1:05  Extractor  
  17  1:14  Spawning Pool  
  17  1:17  Drone  
  17  1:20  Drone  
  18  1:27  Drone  
  19  1:38  Overlord  
  19  1:50  Drone  
  20  2:01  Queen, Zergling x2  
  20  2:04  Queen, Metabolic Boost  
  20  2:08  Zergling x2  
  26  2:11  Drone  
  26  2:15  Drone  
  28  2:21  Drone  
  29  2:25  Drone  
  30  2:32  Drone  
  30  2:36  Drone  
  32  2:43  Burrow  
  32  2:52  Hatchery, Zergling x2  
  32  2:55  Zergling x2  
  33  2:59  Overlord  
  33  3:09  Drone x3  
  35  3:19  Zergling x4  
  37  3:25  Drone x5  
  42  3:32  Overlord  
  42  3:37  Queen  
  44  3:42  Baneling Nest  
  44  3:46  Spore Crawler  
  42  3:48  Spore Crawler  
  42  3:50  Drone x3  
  42  3:51  Drone  
  42  3:53  Drone  
  46  3:57  Drone x2  
  46  4:01  Zergling x4  
  49  4:09  Evolution Chamber, Drone x3  
  50  4:18  Drone x2  
  50  4:19  Queen  
  50  4:24  Spore Crawler  
  53  4:25  Drone x2  
  53  4:27  Overlord  
  55  4:32  Drone  
  55  4:36  Zerg Melee Weapons Level 1  
  55  4:39  Overlord  
  55  4:40  Drone  
  55  4:41  Drone  
  57  4:46  Extractor  
  57  4:48  Zergling x10  
  57  4:49  Zergling x2  
  57  4:51  Zergling x2  
  63  4:55  Pneumatized Carapace  
  63  4:57  Overlord  
  62  5:00  Zergling x4  
  62  5:05  Zergling x2  
  62  5:06  Zergling x2  
  66  5:08  Queen  
  68  5:15  Overlord x2  
  68  5:20  Overlord  
  68  5:22  Zergling x4  
  70  5:33  Queen  
  70  5:34  Zergling x2  
  70  5:35  Zergling x10  
  78  5:36  Zergling x2  
  78  5:39  Zergling x4  
  81  5:49  Baneling x8, Zergling x2  
  83  5:50  Zergling x4  
  83  5:51  Zergling x2  
  83  5:53  Zergling x2  
  83  5:54  Zergling x2  
  87  6:01  Zergling x2  
  87  6:02  Zergling x4  
  87  6:04  Baneling x4  
  90  6:07  Zergling x4  
  90  6:09  Zergling x2  
  88  6:19  Overlord  
  88  6:20  Overlord  
  88  6:23  Zergling x6  
  88  6:26  Queen  
  88  6:28  Overlord  
  89  6:35  Lair  
  89  6:37  Queen  
  91  6:44  Drone x4  
  91  6:45  Drone  
  91  6:49  Roach Warren  
  91  6:50  Zergling x2  
  91  6:52  Zergling x2  
  91  6:54  Zergling x2  
  89  6:55  Zergling x2  
  89  6:58  Zergling x2  
  86  7:01  Zergling x2  
  86  7:02  Queen  
  86  7:07  Zergling x2  
  86  7:08  Zergling x2  
  86  7:10  Baneling x2, Spine Crawler  
  86  7:12  Zergling x2  
  86  7:16  Baneling x7  
  86  7:18  Baneling  
  86  7:19  Zergling x10  
  91  7:23  Zergling x2  
  91  7:24  Zergling x6  
  93  7:31  Zergling x4  
  93  7:35  Zergling x2  
  90  7:39  Queen x2  
  91  7:49  Zerg Melee Weapons Level 2  
  86  7:53  Drone x4  
  86  7:54  Drone x4  
  86  7:57  Zergling x2  
  88  8:02  Drone x2  
  88  8:05  Queen  
  90  8:07  Zergling x2  
  93  8:13  Zergling x6  
  93  8:18  Drone x4  
  93  8:19  Drone  
  100  8:29  Zergling x2  
  100  8:30  Zergling x8  
  100  8:31  Extractor  
  100  8:34  Extractor x2  
  103  8:41  Centrifical Hooks, Extractor  
  101  8:47  Hatchery  
  100  8:48  Roach  
  100  8:51  Baneling  
  100  8:54  Baneling  
  100  8:55  Baneling x3, Zergling x10  
  102  8:56  Zergling x2  
  102  9:01  Baneling x3  
  105  9:12  Baneling x2  
  105  9:13  Baneling x3  
  105  9:14  Zergling x2  
  106  9:18  Overlord x2  
  106  9:20  Queen  
  106  9:22  Zergling x4  
  104  9:24  Queen  
  104  9:27  Zergling x12  
  104  9:31  Zergling x4  
  90  9:33  Zergling x4  
  90  9:36  Zergling x2  
  80  9:40  Zergling x4  
  80  9:42  Zergling x2  
  80  9:43  Zergling x2  
  78  9:46  Zergling x2  
  78  9:47  Baneling x2  
  78  9:48  Baneling  
  78  9:52  Roach  
  78  9:54  Roach x2  
  78  9:55  Roach  
  78  9:59  Roach  
  86  10:03  Roach  
  83  10:08  Roach  
  83  10:09  Roach  
  83  10:13  Baneling x3  
  83  10:14  Ravager, Baneling  
  80  10:18  Zergling x2  
  80  10:19  Zergling x2  
  80  10:22  Ravager x2  
  80  10:24  Zergling x2  
  80  10:26  Zergling x2  
  79  10:29  Roach  
  79  10:32  Zergling x2  
  80  10:39  Zergling x4  
  80  10:40  Zergling x2  
  84  10:42  Ravager  
  84  10:43  Ravager  
  84  10:48  Zergling x2  
  84  10:49  Zergling x4  
  83  10:52  Roach  
  83  10:55  Zergling x2  
  83  10:56  Baneling  
Show
View Real Time Build Order
Export as new Build Order

Neeb Protoss - Winner!

Build Orders: 1 Gate Expand, Oracle Opening, Phoenix Opening 

Get SALT Encoding   

  12  0:00  Probe (Chrono Boost)  
  13  0:11  Probe (Chrono Boost)  
  14  0:17  Pylon  
  14  0:22  Probe (Chrono Boost)  
  16  0:35  Probe (Chrono Boost)  
  16  0:36  Gateway  
  16  0:41  Assimilator  
  16  0:46  Probe (Chrono Boost)  
  17  0:56  Probe (Chrono Boost)  
  18  1:07  Probe (Chrono Boost)  
  19  1:18  Nexus  
  19  1:20  Probe (Chrono Boost)  
  20  1:30  Cybernetics Core  
  20  1:33  Probe (Chrono Boost)  
  20  1:38  Assimilator  
  21  1:44  Probe (Chrono Boost)  
  22  1:48  Pylon  
  22  1:55  Probe (Chrono Boost)  
  23  2:03  Adept  
  23  2:07  Probe (Chrono Boost), Warp Gate  
  26  2:19  Probe (Chrono Boost)  
  27  2:29  Stargate, Adept  
  27  2:30  Probe (Chrono Boost)  
  27  2:31  Probe (Chrono Boost)  
  31  2:41  Probe (Chrono Boost)  
  31  2:44  Probe (Chrono Boost)  
  34  2:51  Probe (Chrono Boost)  
  34  2:52  Pylon  
  34  2:53  Adept  
  34  2:56  Probe (Chrono Boost)  
  37  3:02  Probe (Chrono Boost)  
  38  3:08  Probe (Chrono Boost)  
  38  3:10  Oracle  
  38  3:12  Probe (Chrono Boost)  
  40  3:19  Gateway  
  44  3:20  Probe (Chrono Boost)  
  44  3:23  Gateway  
  44  3:25  Probe (Chrono Boost)  
  45  3:33  Probe (Chrono Boost)  
  46  3:36  Probe (Chrono Boost)  
  46  3:40  Robotics Facility  
  47  3:41  Pylon  
  47  3:45  Probe (Chrono Boost)  
  47  3:46  Probe (Chrono Boost)  
  49  3:49  Phoenix  
  52  3:57  Probe x2 (Chrono Boost)  
  51  4:04  Pylon, Assimilator  
  51  4:09  Probe (Chrono Boost)  
  50  4:10  Pylon  
  50  4:13  Probe (Chrono Boost)  
  50  4:14  Adept x2  
  55  4:19  Adept  
  55  4:22  Probe (Chrono Boost)  
  58  4:28  Twilight Council  
  58  4:32  Probe (Chrono Boost)  
  60  4:42  Mothership Core (Chrono Boost)  
  60  4:43  Probe (Chrono Boost), Pylon  
  62  4:52  Resonating Glaives  
  62  4:53  Probe (Chrono Boost)  
  62  4:57  Nexus  
  62  4:58  Pylon  
  63  5:02  Probe (Chrono Boost)  
  63  5:04  Probe (Chrono Boost)  
  65  5:14  Probe x2 (Chrono Boost)  
  66  5:15  Gateway  
  66  5:16  Gateway  
  66  5:17  Gateway  
  66  5:19  Gateway  
  67  5:22  Gateway  
  67  5:25  Gateway  
  67  5:27  Probe x2 (Chrono Boost), Warp Prism  
  71  5:36  Adept  
  71  5:39  Adept  
  71  5:40  Adept  
  77  5:44  Probe (Chrono Boost)  
  77  5:48  Pylon  
  78  5:58  Immortal, Assimilator  
  78  6:00  Sentry x2  
  78  6:01  Adept  
  88  6:13  Pylon  
  88  6:14  Pylon  
  87  6:25  Adept  
  87  6:26  Adept x6  
  87  6:30  Pylon  
  101  6:49  Stalker  
  101  6:50  Stalker x2  
  106  7:04  Adept x2  
  106  7:07  Pylon  
  106  7:08  Adept  
  110  7:15  Nexus  
  110  7:16  Pylon  
  110  7:27  Adept  
  110  7:28  Adept  
  110  7:29  Adept x2  
  118  7:36  Probe x2 (Chrono Boost)  
  115  7:47  Adept x4  
  115  7:48  Adept x2  
  115  7:50  Probe (Chrono Boost), Observer  
  116  7:53  Probe (Chrono Boost)  
  112  8:05  Probe (Chrono Boost)  
  113  8:14  Sentry x2  
  113  8:15  Adept x4  
  125  8:22  Observer  
  125  8:24  Pylon x2  
  126  8:41  Adept x6  
  138  8:59  Probe x2 (Chrono Boost)  
  138  9:00  Probe (Chrono Boost)  
  141  9:04  Stalker x2  
  145  9:11  Probe (Chrono Boost)  
  145  9:13  Adept  
  145  9:14  Adept x2  
  127  9:37  Probe (Chrono Boost)  
  120  9:38  Probe x2 (Chrono Boost)  
  120  9:44  Adept x5  
  120  9:45  Adept x3  
  126  9:48  Probe (Chrono Boost)  
  126  9:50  Probe (Chrono Boost)  
  126  10:04  Adept x4  
  126  10:05  Stalker  
  126  10:06  Stalker  
  138  10:10  Adept  
  138  10:11  Adept  
  138  10:14  Probe x2 (Chrono Boost)  
  138  10:30  Assimilator  
  138  10:32  Probe x2 (Chrono Boost)  
  140  10:35  Assimilator  
  140  10:43  Forge  
  128  11:04  Adept x4  
  128  11:05  Adept x4  
Tags
 
Add a new tag
Caveats
  • Supply blocks, unpowered buildings, or Contaminate may cause inaccurate times.
  • Supply counts are checked every 10 seconds.